 Dungeon Crawl Stone Soup version 0.24-a0-93-ge1bfdf8 (webtiles) character file.

Game seed: 13825610437083097294

59 redwoodhats the Digger (level 4, -1/30 HPs)
             Began as a Formicid Earth Elementalist on Feb 10, 2019.
             Slain by an adder (5 damage)
             ... on level 3 of the Dungeon.
             The game lasted 00:12:57 (2622 turns).

redwoodhats the Digger (FoEE)                       Turns: 2622, Time: 00:12:58

Health: -1/30      AC:  2    Str: 14    XL:     4   Next: 22%
Magic:  8/8        EV: 11    Int: 16    God:
Gold:   94         SH:  3    Dex: 13    Spells: 8/9 levels left

rFire    . . .     SeeInvis +   f - +0 spear
rCold    . . .     Gourm    .   d - +0 buckler
rNeg     . . .     Faith    .   c - +0 robe
rPois    .         Spirit   .   (helmet unavailable)
rElec    .         Reflect  .   (no cloak)
rCorr    .         Harm     .   (no gloves)
MR       .....     Clarity  +   (no boots)
Stlth    +++.......             (no amulet)
HPRegen  0.10/turn              (no ring)
MPRegen  0.11/turn              (no ring)

@: lethally poisoned (-1 -> -10)
A: permanent stasis, dig shafts and tunnels, four strong arms, antennae 3, thin
skeletal structure 1, clarity, strong 1, MP-powered wands
a: Dig, Shaft Self


You were on level 3 of the Dungeon.
You were not hungry.

You visited 1 branch of the dungeon, and saw 3 of its levels.

You collected 94 gold pieces.

Inventory:

Hand Weapons
 a - a +0 hand axe
 f - a +0 spear (weapon)
Missiles
 b - 108 stones (quivered)
Armour
 c - a +0 robe (worn)
 d - a +0 buckler (worn)
 e - a +0 chain mail
Jewellery
 i - a cursed ring of attention {unknown}
Potions
 h - a potion of curing


   Skills:
 + Level 0.2 Polearms
 + Level 1.9 Dodging
 + Level 2.6 Stealth
 + Level 3.0 Spellcasting
   Level 1.1 Transmutations
 + Level 4.9 Earth Magic


You had 8 spell levels left.
You knew the following spells:

 Your Spells              Type           Power        Failure   Level  Hunger
a - Sandblast             Erth           ###...       4%          1    #......

Your spell library contained the following spells:

 Spells                   Type           Power        Failure   Level  Hunger
 Passwall                 Tmut/Erth      ##......     14%         2    ##.....
 Stone Arrow              Conj/Erth      ##....       32%         3    ###....
 Petrify                  Tmut/Erth      ##......     65%         4    #####..
 Lee's Rapid Deconstruct  Erth           ###.......   75%         5    ######.


Dungeon Overview and Level Annotations

Branches:
Dungeon (3/15)

Altars:
Ashenzari
Makhleb
Qazlal


Innate Abilities, Weirdness & Mutations

You cannot be hasted, slowed, berserked, paralysed or teleported.
You can dig through walls and to a lower floor.
Your four strong arms can wield two-handed weapons with a shield.
You have a pair of large antennae on your head. (SInv)
You have a somewhat thin skeletal structure. (Dex +2, Stealth)
You possess an exceptional clarity of mind.
Your muscles are strong. (Str +2)
You expend magic power (3 MP) to strengthen your wands.


Message History

You butcher the leopard gecko corpse.
Things that are here:
2 chunks of flesh; a leopard gecko skeleton Eat one of 2 chunks of flesh? (ye/n/q)
You eat one of the 2 chunks of flesh.
This raw flesh tastes terrible.
The adder bites you.
* * * LOW HITPOINT WARNING * * *
You are poisoned.
The adder poisons you!
You hit the adder.
The adder is moderately wounded.
You feel sick. The adder bites you.
* * * LOW HITPOINT WARNING * * *
You are more poisoned.
The adder poisons you! The adder barely misses you.
You closely miss the adder.
The adder is moderately wounded.
* * * LOW HITPOINT WARNING * * *
You feel sick. The adder bites you.
You die...

#. #.r ##. .# ..
#.. . . .# ....
#..##. .#.##...#
..... ........# ###
#..###.......#
....##...........%#
........<##.#.....#
........S@†.......#
....$.............#
.........)........#
..........#.......#
.......[.##..#....#
.......#.###.#....#
.#..####.# .# ...#
#.# ..# .# #..#


You could see an adder.

Vanquished Creatures
  2 oozes
  3 dart slugs (D:1)
  3 leopard geckos
  An orc (D:2)
  3 giant cockroaches
  5 goblins
  4 hobgoblins (D:1)
  6 bats
  3 frilled lizards (D:1)
  4 kobolds (D:1)
  6 rats
40 creatures vanquished.

Notes
Turn   | Place    | Note
-------+----------+-------------------------------------------
     0 | D:1      | redwoodhats the Formicid Earth Elementalist began the quest
                  | for the Orb.
     0 | D:1      | Reached XP level 1. HP: 13/13 MP: 3/3
   386 | D:1      | Reached skill level 4 in Earth Magic
   393 | D:1      | Reached XP level 2. HP: 11/19 MP: 1/5
   725 | D:1      | Reached XP level 3. HP: 24/24 MP: 2/6
  1095 | D:1      | Found a shattered altar of Ashenzari.
  1312 | D:1      | Gained mutation: You expend magic power (3 MP) to
                  | strengthen your wands. [potion of mutation]
  1312 | D:1      | Gained mutation: You possess an exceptional clarity of
                  | mind. [potion of mutation]
  1312 | D:1      | Gained mutation: Your muscles are strong. (Str +2) [potion
                  | of mutation]
  1312 | D:1      | Gained mutation: You have a somewhat thin skeletal
                  | structure. (Dex +2, Stealth) [potion of mutation]
  1707 | D:2      | Found a stormy altar of Qazlal.
  1940 | D:2      | Reached XP level 4. HP: 29/30 MP: 6/8
  2108 | D:2      | Found a burning altar of Makhleb.
  2622 | D:3      | Slain by an adder

Levels and vault maps discovered:
D:1:      dpeg_arrival_lava_temple_mockup, layout_loops_ring,
          serial_bayou_pond_d, evilmike_ruin_ashenzari
D:2:      layout_loops_cross, lightli_temple_of_fire, old_standard_altar,
          serial_co_window_serial, co_window_corner_a,
          co_window_of_opportunity_a, co_window_of_opportunity_a,
          co_window_corner_a, co_window_of_opportunity_a, co_window_paths_a,
          co_window_corner_a, co_window_paths_b, co_window_paths_b,
          co_window_broadway_b, co_window_unsneaky_path_d, co_window_paths_c
D:3:      minmay_door_path, layout_rooms, nicolae_overflow_crystal_walls,
          old_standard_altar, skrybe_limestone_x

Skill      XL: |  1  2  3  4 |
---------------+-------------+-----
Earth Magic    | 4 |  4.9
Spellcasting   | 3 |  3.0
Polearms       | |  0.2
Dodging        | |  1.9
Stealth        | |  2.6
Transmutations | |  1.1

Action                   |  1- 3 |  4- 6 || total
-------------------------+-------+-------++-------
Melee: Hand axe          |     9 |       ||     9
       Unarmed           |     7 |       ||     7
       Spear             |    17 |    11 ||    28
 Cast: Sandblast         |    32 |     6 ||    38
 Abil: Dig               |     2 |       ||     2
  Use: Potion            |     2 |       ||     2
       Scroll            |       |     2 ||     2
 Stab: Distracted        |     1 |       ||     1
  Eat: Ration            |     1 |       ||     1
       Chunk             |       |     2 ||     2
Armor: Robe              |     5 |     3 ||     8
Dodge: Dodged            |    28 |    11 ||    39
Block: Buckler           |     1 |     5 ||     6

Table legend:
 A = Non-vault XP
 B = Vault XP
 C = Vault XP percentage of total XP
 D = Non-vault monster count
 E = Vault monster count
 F = Vault count percentage of total count
                 A         B        C        D         E       F
            +---------+---------+-------+---------+---------+-------
      Total |      85 |       0 |   0.0 |      40 |       0 |   0.0
            +---------+---------+-------+---------+---------+-------
        D:1 |      60 |       0 |   0.0 |      30 |       0 |   0.0
        D:2 |      20 |       0 |   0.0 |       8 |       0 |   0.0
        D:3 |       5 |       0 |   0.0 |       2 |       0 |   0.0
            +---------+---------+-------+---------+---------+-------
